 Dungeon Crawl Stone Soup version 0.25-a0-190-g27fffb8 (webtiles) character file.

Game seed: 10226884569736998675, levelgen mode: deterministic

141869 Blackhawk the Severer (level 16, -20/134 HPs)
             Began as a Demonspawn Gladiator on Nov 23, 2019.
             Was the Champion of Okawaru.
             Killed from afar by a blizzard demon (35 damage)
             ... with a bolt of lightning
             ... in an ice cave on Nov 29, 2019.
             The game lasted 00:56:29 (28416 turns).

Blackhawk the Severer (Demonspawn Gladiator)       Turns: 28416, Time: 00:56:30

Health: -20/134    AC: 24    Str: 19    XL:     16   Next: 79%
Magic:  15/16      EV: 16    Int: 19    God:    Okawaru [******]
Gold:   2929       SH: 20    Dex: 18    Spells: 15/15 levels left

rFire    . . .     SeeInvis .   b - +8 broad axe of Wounding {elec, rC+ Int+4}
rCold    + . .     Gourm    .   q - +2 shield {reflect}
rNeg     . . .     Faith    .   Z - +0 plate armour {rPois}
rPois    +         Spirit   .   t - +0 hat {Int+3}
rElec    .         Reflect  +   F - +0 cloak
rCorr    .         Harm     .   r - +1 pair of gloves {Dex+3}
MR       ++...                  G - +0 pair of boots
Stlth    ..........             C - +3 amulet of reflection
HPRegen  2.32/turn              D - +5 ring of evasion
MPRegen  0.15/turn              g - ring of protection from magic

@: heroism
A: claws 2, horns 2, talons 2, foul stench 1, powered by death 2, rot immunity
a: Heroism, Finesse, Renounce Religion


You were in an ice cave.
You worshipped Okawaru.
Okawaru was exalted by your worship.
You were very hungry.

You visited 5 branches of the dungeon, and saw 27 of its levels.
You also visited: Ossuary and Ice Cave.

You collected 2929 gold pieces.

Inventory:

Hand Weapons
 a - a +3 flail of electrocution
 b - the +8 broad axe of Wounding (weapon) {elec, rC+ Int+4}
   (Okawaru gifted it to you on level 4 of the Lair of Beasts)

   Occasionally, upon striking a foe, it will discharge some electrical energy
   and cause terrible harm.
   It affects your intelligence (+4).
   It protects you from cold.
 w - a +2 broad axe of electrocution
Missiles
 d - 3 throwing nets (quivered)
Armour
 c - a +4 chain mail of positive energy
 q - a +2 shield of reflection (worn)
 r - a +1 pair of gloves of dexterity (worn)
 t - a +0 hat of intelligence (worn)
 F - a +0 cloak (worn)
 G - a +0 pair of boots (worn)
 Z - a +0 plate armour of poison resistance (worn)
Jewellery
 g - a ring of protection from magic (right hand)
 C - a +3 amulet of reflection (around neck)
 D - a +5 ring of evasion (left hand)
 N - an uncursed ring of poison resistance {unknown}
 Q - a cursed amulet of inaccuracy {unknown}
 T - a +3 ring of dexterity {unknown}
 U - an uncursed ring of protection from fire
 X - an uncursed amulet of faith {unknown}
Wands
 m - a wand of clouds (3)
 v - a wand of flame (18)
 L - a wand of enslavement (10)
 M - a wand of polymorph (7)
 R - a wand of paralysis (23)
 W - a wand of digging (17)
 Y - a wand of acid (10)
Scrolls
 h - 7 scrolls of amnesia
 i - a scroll of acquirement
 j - 5 scrolls of magic mapping
 n - 8 scrolls of teleportation
 p - 4 scrolls of fear
 s - 2 scrolls of enchant weapon
 y - 3 scrolls of fog
 E - a scroll of blinking
 P - 5 scrolls of identify
 S - 4 scrolls of enchant armour
 V - 3 scrolls of remove curse
Potions
 k - 5 potions of heal wounds
 l - 6 potions of flight
 o - 3 potions of berserk rage {unknown}
 u - 4 potions of magic
 x - 2 potions of might
 z - 6 potions of mutation
 A - 12 potions of curing
 B - 3 potions of brilliance
 H - 3 potions of lignification {unknown}
 I - 3 potions of agility {unknown}
 J - 2 potions of ambrosia
 K - 3 potions of haste
Comestibles
 f - 31 rations


   Skills:
 * Level 14.8(19.8) Fighting
 + Level 16.6(21.6) Axes
 - Level 1.7(6.7) Throwing
 + Level 12.7(17.7) Armour
 - Level 2.7(7.7) Dodging
 + Level 12.6(17.6) Shields


You had 15 spell levels left.
You didn't know any spells.
Your spell library contained the following spells:

 Spells                   Type           Power        Failure   Level  Hunger
 Beastly Appendage        Tmut           #.....       90%         1    ##.....
 Infusion                 Chrm           #...         90%         1    ##.....
 Sandblast                Erth           #.....       90%         1    ##.....
 Sting                    Conj/Pois      #...         90%         1    ##.....
 Passwall                 Tmut/Erth      #.......     97%         2    ###....
 Poisonous Vapours        Pois/Air       #.....       97%         2    ###....
 Shroud of Golubria       Chrm/Tloc      #.....       97%         2    ###....
 Song of Slaying          Chrm           #.......     97%         2    ###....
 Sticks to Snakes         Tmut           #.......     97%         2    ###....
 Mephitic Cloud           Conj/Pois/Air  #.......     99%         3    ####...
 Regeneration             Chrm/Necr      #.........   99%         3    ####...
 Spectral Weapon          Hex/Chrm       #.......     99%         3    ####...
 Spider Form              Tmut/Pois      #.........   99%         3    ####...
 Stone Arrow              Conj/Erth      #.....       99%         3    ####...
 Ice Form                 Ice/Tmut       #.......     100%        4    #####..
 Olgreb's Toxic Radiance  Pois           #.......     100%        4    #####..
 Petrify                  Tmut/Erth      #.......     100%        4    #####..
 Blade Hands              Tmut           #.........   100%        5    ######.
 Lee's Rapid Deconstruct  Erth           #.........   100%        5    ######.
 Venom Bolt               Conj/Pois      #.........   100%        5    ######.


Dungeon Overview and Level Annotations

Branches:
Dungeon (15/15)            Temple (1/1) D:6            Lair (6/6) D:8
  Swamp (3/4) Lair:3        Snake (0/4) Lair:2        Slime (0/5) Lair:6
    Orc (2/2) D:12            Elf (0/3) Orc:2        Vaults (0/5) D:13
 Depths (0/5) D:15        Ossuary (visited)           IceCv (1/1)

Altars:
Ashenzari
Cheibriados
Dithmenos
Elyvilon
Fedhas
Gozag
Hepliaklqana
Kikubaaqudgha
Makhleb
Nemelex Xobeh
Okawaru
Qazlal
Ru
Sif Muna
Trog
Uskayaw
Vehumet
Wu Jian
Xom
Yredelemnul
Zin
The Shining One
Beogh
Jiyva

Shops:
D:4 !   D:8 ?=%[(   Orc:2 ****

Annotations:
D:4 2 transporters, 1 runed translucent door, Crazy Yiuf
D:11 exclusion: 2 doors
D:12 exclusion: door
Lair:6 exclusion: oklob plant
Swamp:2 2 transporters, waywinkle's ghost, journeyman DrAE


Innate Abilities, Weirdness & Mutations

You have very sharp fingernails.
You have a pair of horns on your head.
You have razor-sharp toenails.
You may emit foul miasma when damaged in melee.
You regenerate health from kills.
You are immune to rotting.


Message History

You block the blizzard demon's attack.
You slice the blizzard demon!!
You kill the blizzard demon!
Okawaru accepts your kill.
You hit the blizzard demon but do no damage.
The blizzard demon is heavily wounded.
The blizzard demon gestures at you. The freezing blast misses you.
Your plate armour prevents you from hitting the blizzard demon.
Your headbutt misses the blizzard demon.
The blizzard demon is heavily wounded.
You are engulfed in freezing vapours.
You resist.
You slice the blizzard demon!! You headbutt the blizzard demon.
The blizzard demon is almost dead.
You are engulfed in freezing vapours.
You resist. The blizzard demon gestures at you.
The bolt of lightning hits you!!!
* * * LOW HITPOINT WARNING * * *
The bolt of lightning hits you!!
You die...

############
.'.......'.#
.#########.# .#
#.##
##+#+#+#+#○8######
+.......#☼○°☼☼☼☼#
##.8.8.8.#.#####@#
.........#.#)??#2##
.........'.#!⌠?'.8#
.........#.#[?[#^##
##.8.8.8(#.#####.#
.'.......#.. ..#
##'#'#'#+#.8# ###
#.#°#.# #.##
####### #.#


You could see a blizzard demon.

Vanquished Creatures
  Jorgrun (Orc:1)
  Kirke (Swamp:2)
  2 thorn hunters
  Donald (Orc:1)
  2 entropy weavers (Lair:3)
  A blizzard demon (IceCv)
  Josephine (Lair:6)
  2 fire dragons
  3 vault guards
  An ice dragon (D:15)
  2 ghost crabs
  9 hydras
  3 centaur warriors (D:15)
  2 ogre magi
  A queen ant (Lair:3)
  6 alligators
  13 two-headed ogres
  5 death yaks (Lair:5)
  An orc high priest (Orc:1)
  Urug (Lair:6)
  Sonja (Lair:5)
  Nergalle (Lair:1)
  A fire crab (D:9)
  3 unseen horrors
  A glowing orange brain (D:13)
  A spriggan druid (Swamp:2)
  2 deep trolls
  5 swamp dragons
  2 orc sorcerers
  24 ugly things
  3 deep elf magi
  4 manticores
  8 cyclopes
  Joseph (D:7)
  7 elephants
  3 ice statues
  5 black mambas
  A torpor snail (Lair:5)
  Psyche (D:8)
  5 komodo dragons
  37 spiny frogs
  An efreet (D:14)
  12 rime drakes
  4 yaktaurs (D:15)
  A freezing wraith (D:9)
  8 ice devils (IceCv)
  11 tyrant leeches
  11 trolls
  A hornet (Swamp:2)
  41 blink frogs
  18 slime creatures
  7 hippogriffs
  A spriggan (D:7)
  2 shadows
  A dire elephant simulacrum (IceCv)
  A wyvern (Lair:5)
  10 humans
  4 wraiths
  4 hogs (Swamp:2)
  23 yaks
  10 steam dragons
  A harpy simulacrum (IceCv)
  A basilisk (Lair:2)
  2 wargs
  24 vampire mosquitoes
  5 insubstantial wisps (Swamp:1)
  An iron troll simulacrum (IceCv)
  4 nagas (Lair:2)
  11 swamp worms
  A soldier ant (shapeshifter) (D:14)
  24 soldier ants
  6 water moccasins
  A hydra simulacrum (IceCv)
  12 porcupines
  6 swamp drakes
  19 orc warriors
  A sky beast (D:8)
  10 ice beasts
  2 hornet zombies
  A black bear (D:12)
  A phantom (D:10)
  25 ogres
  A necrophage (D:10)
  8 centaurs
  4 crocodiles
  19 bullfrogs
  2 big kobolds
  A wyvern zombie (D:11)
  A wyvern skeleton (D:9)
  A water moccasin skeleton (D:6)
  6 scorpions
  7 killer bees (D:11)
  4 howler monkeys
  8 wights
  An electric eel (Lair:6)
  4 crimson imps
  2 bullfrog zombies
  5 centaur zombies
  9 hounds
  4 jellies
  8 centaur skeletons
  18 orc priests
  2 bullfrog skeletons
  A gnoll shaman (Orc:1)
  20 orc wizards
  29 worker ants
  4 iguanas
  A killer bee zombie (D:6)
  A big kobold zombie (Ossuary)
  A bullfrog simulacrum (D:9)
  2 hound zombies
  2 hound skeletons (D:8)
  9 mummies
  2 howler monkey zombies
  A worker ant zombie (D:7)
  10 gnolls
  A howler monkey skeleton (D:8)
  12 adders
  A shadow imp (D:14)
  An ooze (D:6)
  3 worms
  2 dart slugs
  An adder simulacrum (D:9)
  8 leopard geckos
  67 orcs
  3 giant cockroaches
  10 hobgoblins
  6 jackals
  11 kobolds
  3 quokkas
  A ball python (D:1)
  10 bats
  A frilled lizard (D:3)
  15 goblins
  4 hobgoblin zombies (Ossuary)
  A kobold zombie (Ossuary)
  2 orc zombies (Ossuary)
  A quokka skeleton (D:6)
  2 quokka zombies
  8 rats
  4 fungi
  A plant (Lair:6)
880 creatures vanquished.

Vanquished Creatures (others)
  3 spriggans (Swamp:2)
  A cyclops (D:15)
  A spiny frog (Swamp:2)
  2 tyrant leeches (Swamp:2)
  3 hornets (Swamp:2)
  A centaur (D:15)
  2 orcs
  17 fungi
  22 plants
52 creatures vanquished.

Grand Total: 932 creatures vanquished

Notes
Turn   | Place    | Note
-------+----------+-------------------------------------------
     0 | D:1      | Blackhawk the Demonspawn Gladiator began the quest for the
                  | Orb.
     0 | D:1      | Reached XP level 1. HP: 16/16 MP: 1/1
   455 | D:1      | Gained mutation: You regenerate a little health from kills.
                  | [demonic ancestry]
   455 | D:1      | Reached XP level 2. HP: 18/22 MP: 2/2
  1164 | D:2      | Reached skill level 3 in Axes
  1202 | D:2      | Reached skill level 1 in Armour
  1205 | D:2      | Reached skill level 1 in Shields
  1205 | D:2      | Gained mutation: You have sharp toenails. [demonic
                  | ancestry]
  1205 | D:2      | Reached XP level 3. HP: 20/28 MP: 3/3
  1608 | D:3      | Reached XP level 4. HP: 21/34 MP: 4/4
  1742 | D:3      | Noticed a centaur
  1750 | D:3      | Killed a centaur
  1750 | D:3      | Reached XP level 5. HP: 4/41 MP: 5/5
  1750 | D:3      | HP: 1/41 [orc/+0 mace (5)]
  2357 | D:3      | Found a hazy altar of Hepliaklqana.
  2435 | D:3      | Found an ornate altar of the Wu Jian Council.
  2538 | D:4      | Found a transporter.
  2538 | D:4      | Found a transporter.
  2629 | D:4      | Found Mounuiwn's Distillery.
  2642 | D:4      | Gained mutation: You regenerate health from kills. [demonic
                  | ancestry]
  2642 | D:4      | Reached XP level 6. HP: 16/47 MP: 6/6
  2646 | D:4      | Reached skill level 4 in Axes
  2852 | D:4      | Reached XP level 7. HP: 44/54 MP: 7/7
  3077 | D:4      | Found a runed translucent door.
  3078 | D:4      | Noticed Crazy Yiuf
  3147 | D:5      | Entered Level 5 of the Dungeon
  3413 | D:5      | Found a shattered altar of Ashenzari.
  3757 | D:6      | Found a staircase to the Ecumenical Temple.
  3774 | Temple   | Entered the Ecumenical Temple
  3879 | Temple   | Became a worshipper of Warmaster Okawaru
  3956 | D:6      | Reached skill level 5 in Axes
  4217 | D:6      | Reached XP level 8. HP: 46/61 MP: 8/8
  4415 | D:6      | Reached * piety under Okawaru
  4415 | D:6      | Reached skill level 6 in Axes
  4610 | D:6      | Reached skill level 5 in Fighting
  4878 | D:7      | Found a sand-covered staircase.
  4883 | Ossuary  | Entered an ossuary
  5185 | D:7      | Noticed Joseph
  5206 | D:7      | Killed Joseph
  5206 | D:7      | Reached ** piety under Okawaru
  5206 | D:7      | Reached skill level 7 in Axes
  5206 | D:7      | Gained mutation: You have razor-sharp toenails. [demonic
                  | ancestry]
  5206 | D:7      | Reached XP level 9. HP: 23/69 MP: 9/9
  5551 | D:7      | Reached skill level 5 in Armour
  5551 | D:7      | Reached skill level 5 in Shields
  5850 | D:8      | Found Kielitev's Antique Armour Emporium.
  5941 | D:8      | Found Qilapp's Jewellery Shoppe.
  6000 | D:8      | Found Myvic's Antique Weapon Boutique.
  6011 | D:8      | Reached skill level 8 in Axes
  6097 | D:8      | Found a staircase to the Lair.
  6249 | D:8      | Found Bopt's Food Boutique.
  6250 | D:8      | Reached *** piety under Okawaru
  6284 | D:8      | Noticed Psyche
  6290 | D:8      | Killed Psyche
  6429 | D:8      | Found a snail-covered altar of Cheibriados.
  6447 | D:8      | Found Otiof's Magic Scroll Boutique.
  6731 | D:9      | Gained mutation: You have a pair of small horns on your
                  | head. [demonic ancestry]
  6731 | D:9      | Reached XP level 10. HP: 71/77 MP: 10/10
  6733 | D:9      | Received a gift from Okawaru
  6821 | D:9      | Noticed a deep elf mage
  6821 | D:9      | Noticed a seven-headed hydra
  7384 | D:9      | Found a sparkling altar of Nemelex Xobeh.
  7389 | D:9      | Found a glowing silver altar of Zin.
  7513 | D:9      | Killed a deep elf mage
  7513 | D:9      | Received a gift from Okawaru
  7529 | D:9      | Reached skill level 9 in Axes
  7544 | D:9      | Noticed a fire crab
  7550 | D:9      | Reached **** piety under Okawaru
  7551 | D:9      | Killed a fire crab
  7605 | D:9      | Noticed a five-headed hydra
  7606 | D:9      | Noticed a deep troll earth mage
  7639 | D:10     | Entered Level 10 of the Dungeon
  8106 | D:10     | Reached ***** piety under Okawaru
  8106 | D:10     | Reached skill level 10 in Axes
  8111 | D:10     | Received a gift from Okawaru
  8308 | D:11     | Gained mutation: You have a pair of horns on your head.
                  | [demonic ancestry]
  8308 | D:11     | Reached XP level 11. HP: 86/86 MP: 11/11
  8408 | D:11     | Noticed a two-headed ogre
  8415 | D:11     | Killed a two-headed ogre
  8415 | D:11     | Received a gift from Okawaru
  8439 | D:11     | Received a gift from Okawaru
  8768 | D:11     | Noticed a brown ugly thing
  8769 | D:11     | Noticed a brown ugly thing
  8775 | D:11     | Killed a brown ugly thing
  8786 | D:11     | Killed a brown ugly thing
  9151 | D:11     | Killed an unseen horror
  9704 | D:12     | Noticed a cyan ugly thing
  9718 | D:12     | Killed a cyan ugly thing
  9718 | D:12     | Reached skill level 11 in Axes
  9883 | D:12     | Noticed a two-headed ogre
  9893 | D:12     | Killed a two-headed ogre
  9938 | D:12     | Noticed a deep elf mage
  9940 | D:12     | Found a roughly hewn altar of Beogh.
  9940 | D:12     | Found a staircase to the Orcish Mines.
  9950 | D:12     | Killed a deep elf mage
 10103 | D:13     | Noticed a glowing orange brain
 10111 | D:13     | Killed a glowing orange brain
 10326 | D:12     | Reached XP level 12. HP: 21/95 MP: 12/12
 10592 | D:13     | Received a gift from Okawaru
 10837 | D:13     | Noticed a vault guard
 10838 | D:13     | Noticed a vault guard
 10838 | D:13     | Noticed a vault guard
 10873 | D:12     | Killed a vault guard
 11103 | D:12     | Killed a vault guard
 11103 | D:12     | Reached ****** piety under Okawaru
 11305 | D:13     | Killed a vault guard
 11305 | D:13     | Reached skill level 12 in Axes
 11415 | D:13     | Found a gate to the Vaults.
 11587 | D:14     | Received a gift from Okawaru
 11628 | D:13     | Noticed a two-headed ogre
 11634 | D:13     | Killed a two-headed ogre
 12101 | D:13     | Noticed a two-headed ogre
 12368 | D:12     | Upgraded the game from 0.25-a0-166-g16436c4 to
                  | 0.25-a0-178-gc9f82b1
 12368 | D:12     | Upgraded the game from 0.25-a0-178-gc9f82b1 to
                  | 0.25-a0-190-g27fffb8
 12499 | D:8      | Killed a seven-headed hydra
 12716 | Lair:1   | Entered Level 1 of the Lair of Beasts
 12719 | Lair:1   | Noticed a six-headed hydra
 12729 | Lair:1   | Killed a six-headed hydra
 12839 | Lair:1   | Got a scorched silver ring
 12868 | Lair:1   | Reached skill level 10 in Fighting
 13364 | Lair:1   | Noticed Nergalle
 13377 | Lair:1   | Killed Nergalle
 13847 | Lair:2   | Identified the ring of Xom's Sleight of Hands {*Tele rPois
                  | rC++ MP-9} (You found it on level 1 of the Lair of Beasts)
 13988 | Lair:2   | Identified a scroll of acquirement
 14246 | Lair:2   | Found a staircase to the Snake Pit.
 14723 | Lair:3   | Noticed a five-headed hydra
 14741 | Lair:3   | Killed a five-headed hydra
 14741 | Lair:3   | Gained mutation: You have sharp fingernails. [demonic
                  | ancestry]
 14741 | Lair:3   | Reached XP level 13. HP: 62/104 MP: 13/13
 15073 | Lair:3   | Found a staircase to the Swamp.
 15075 | Lair:3   | Received a gift from Okawaru
 15098 | Lair:3   | Reached skill level 13 in Axes
 15637 | Lair:3   | Received a gift from Okawaru
 15971 | Lair:4   | Noticed an entropy weaver
 15974 | Lair:4   | Noticed an entropy weaver
 16066 | Lair:3   | Killed an entropy weaver
 16653 | Lair:3   | Killed an entropy weaver
 16975 | Lair:4   | Received a gift from Okawaru
 16996 | Lair:4   | Got a coiled silver amulet
 16997 | Lair:4   | Identified the amulet "Esmifeth" {Spirit *Slow +Inv rN++
                  | Stlth+} (You acquired it on level 4 of the Lair of Beasts)
 17005 | Lair:4   | Got an ichor-stained broad axe {god gift}
 17010 | Lair:4   | Identified the +8 broad axe of Wounding {elec, rC+ Int+4}
                  | (Okawaru gifted it to you on level 4 of the Lair of Beasts)
 17149 | Lair:4   | Reached skill level 10 in Armour
 17330 | Lair:4   | Reached skill level 10 in Shields
 17775 | Lair:5   | Received a gift from Okawaru
 17817 | Lair:5   | Reached skill level 14 in Axes
 17881 | Lair:5   | Gained mutation: You are immune to rotting. [demonic
                  | ancestry]
 17881 | Lair:5   | Reached XP level 14. HP: 110/113 MP: 14/14
 18116 | Lair:5   | Noticed Sonja
 18780 | Orc:1    | Entered Level 1 of the Orcish Mines
 19421 | Orc:1    | Found a bloodstained altar of Trog.
 19773 | Orc:2    | Entered Level 2 of the Orcish Mines
 19773 | Orc:2    | Found a roughly hewn altar of Beogh.
 19840 | Orc:2    | Noticed Jorgrun
 19843 | Orc:2    | Received a gift from Okawaru
 19856 | Orc:2    | Noticed Donald
 19882 | Orc:1    | Killed Jorgrun
 19898 | Orc:1    | Killed Donald
 19919 | Orc:2    | Reached skill level 15 in Axes
 19965 | Orc:2    | Got a creamy pearl robe {god gift}
 20044 | Orc:2    | Found Kebimn's General Store.
 20047 | Orc:2    | Found a staircase to the Elven Halls.
 20060 | Orc:2    | Found Puigusou's General Store.
 20066 | Orc:2    | Found Jopur's Assorted Antiques.
 20067 | Orc:2    | Found Dontoacso's General Store.
 20569 | D:14     | Gained mutation: You have very sharp fingernails. [demonic
                  | ancestry]
 20569 | D:14     | Reached XP level 15. HP: 90/121 MP: 15/15
 20934 | D:14     | Received a gift from Okawaru
 20940 | D:14     | Received a gift from Okawaru
 20953 | D:15     | Entered Level 15 of the Dungeon
 22026 | D:15     | Found a staircase to the Depths.
 22423 | Lair:5   | Received a gift from Okawaru
 22809 | Lair:5   | Killed Sonja
 23148 | Lair:6   | Entered Level 6 of the Lair of Beasts
 23168 | Lair:6   | Reached skill level 16 in Axes
 23372 | Lair:6   | Noticed Josephine
 23379 | Lair:6   | Received a gift from Okawaru
 23379 | Lair:6   | Gained mutation: You may emit foul miasma when damaged in
                  | melee. [demonic ancestry]
 23379 | Lair:6   | Reached XP level 16. HP: 115/131 MP: 16/16
 23380 | Lair:6   | Killed Josephine
 23380 | Lair:6   | Noticed Urug
 23392 | Lair:6   | Killed Urug
 23624 | Lair:6   | Found a viscous altar of Jiyva.
 23624 | Lair:6   | Found a staircase to the Slime Pits.
 23869 | Lair:6   | Got a blackened morningstar
 24000 | Lair:6   | Identified the cursed +1 morningstar of the Crushed Ships
                  | {freeze, *Rage Str-2 Dex+7} (You found it on level 6 of the
                  | Lair of Beasts)
 24124 | Swamp:1  | Entered Level 1 of the Swamp
 25096 | Swamp:2  | Noticed a thorn hunter
 25102 | Swamp:1  | Killed a thorn hunter
 25232 | Swamp:2  | Noticed Kirke
 25238 | Swamp:2  | Received a gift from Okawaru
 25254 | Swamp:2  | Killed Kirke
 25459 | Swamp:2  | Found a sparkling altar of Nemelex Xobeh.
 25518 | Swamp:2  | Noticed a thorn hunter
 25539 | Swamp:2  | Killed a thorn hunter
 25974 | Swamp:2  | Found a transporter.
 25977 | Swamp:2  | Found a transporter.
 25977 | Swamp:2  | Noticed waywinkle's ghost (journeyman DrAE)
 27879 | Swamp:3  | Found a frozen archway.
 27896 | IceCv    | Entered an ice cave
 28338 | IceCv    | Received a gift from Okawaru
 28416 | IceCv    | Killed from afar by a blizzard demon

Levels and vault maps discovered:
D:1:      eino_arrival_cavern_d, layout_loops_corners, fountainhead
D:2:      layout_basic
D:3:      layout_rooms, marbit_many_paths, old_standard_altar, first_ration
D:4:      gammafunk_steamed_eel, layout_cave_pools, serial_shops,
          nicolae_shop_waterfront, uniq_crazy_yiuf_cottage
D:5:      layout_loops_cross, ashenzari_conservatory_becter,
          kennysheep_small_square
D:6:      layout_loops_cross, minmay_temple_entry_mist
D:7:      wad_pebble_path, layout_basic, nicolae_ossuary_entry_plus, the_bakery,
          uniq_joseph
D:8:      layout_loops_cross, slow_altar_1, dpeg_oklobed_lair, serial_shops,
          shop, nicolae_shop_crystal, nicolae_shop_overgrown_old_shop, shop,
          shop_fountains, minmay_circle_x, uniq_psyche
D:9:      minmay_sliced_demisemicircle, layout_basic, grunt_temple_overflow_open
D:10:     layout_small_grid
D:11:     layout_roguey, gauntlet_entry_generic
D:12:     minmay_the_grid_square_5x5_5x5 [minmay_the_grid_square_5x5_dogpile,
          minmay_the_grid_square_5x5_inverted_slash,
          minmay_the_grid_square_5x5_two_walls_a,
          minmay_the_grid_square_5x5_checkered,
          minmay_the_grid_square_5x5_doubleslash,
          minmay_the_grid_square_5x5_fat_x,
          minmay_the_grid_square_5x5_prize_waves,
          minmay_the_grid_square_5x5_bite,
          minmay_the_grid_square_5x5_prize_rear_guard,
          minmay_the_grid_square_5x5_three_small,
          minmay_the_grid_square_5x5_three_walls,
          minmay_the_grid_square_5x5_broken_cross,
          minmay_the_grid_square_5x5_prize_deathbox,
          minmay_the_grid_square_5x5_c, minmay_the_grid_square_5x5_plus,
          minmay_the_grid_square_5x5_two_small,
          minmay_the_grid_square_5x5_prize_junk,
          minmay_the_grid_square_5x5_checkered_sparse,
          minmay_the_grid_square_5x5_prize_open,
          minmay_the_grid_square_5x5_eight_small,
          minmay_the_grid_square_5x5_one_wall,
          minmay_the_grid_square_5x5_percent, minmay_the_grid_square_5x5_bridge,
          minmay_the_grid_square_5x5_misaligned,
          minmay_the_grid_square_5x5_tie], layout_rooms, david_orc_5,
          dk_vineyard_3, drop_trap
D:13:     thingy_vault, layout_gridville, ximxim_vaults_locker_room
D:14:     layout_cave_pools, hangedman_decor_diamond_cutter,
          kennysheep_generic_room_10
D:15:     grunt_enter_depths_hoard, layout_gridville, serial_glass,
          glass_columns_a, glass_columns_a, serial_bayou_pond_d
Temple:   eino_temple_scatter_basement
Lair:1:   layout_loops_ring, uniq_nergalle
Lair:2:   layout_regular_city, minmay_snake_entry_guardpost_small
Lair:3:   layout_hall_layers, minmay_swamp_entry_reptiles
Lair:4:   layout_regular_city, zaba_anthell
Lair:5:   layout_small_grid, bobbens_dragon_lair_wall, uniq_sonja
Lair:6:   minmay_lair_end_frog_pond, layout_misc_corridors, slime_altar_1,
          uniq_urug, uniq_josephine
Swamp:1:  layout_basic_swamp, hangedman_swamp_ruin_hall, swamp_pool1
Swamp:2:  layout_basic_swamp, gammafunk_ghost_arena, basic_altar, uniq_kirke
Swamp:3:  layout_basic_swamp, portal_ice_cave_entry_ice_statue_one,
          nicolae_swamp_rocky_clearing, infiniplex_staircase_pool
Orc:1:    nicolae_orc_accident_1, layout_caves, trog_hazing_becter
Orc:2:    st_orc_open, layout_caves, basic_altar, uniq_donald, uniq_jorgrun
IceCv:    ice_cave_tombish

Skill      XL: |  1  2  3  4  5  6  7  8  9 10 11 12 13 14 15 16 |
---------------+-------------------------------------------------+-----
Axes           | 3 4 5 7 8 10 11 12 14 15 16 | 16.6
Armour         | 1 2 3 4 5 6 8 9 10 11 12 | 12.7
Shields        | 1 2 3 4 5 6 8 9 10 11 12 | 12.6
Fighting       | 3 4 5 6 8 9 10 11 12 13 14 | 14.8
Throwing       | |  1.7
Dodging        | |  2.7

Action                   |  1- 3 |  4- 6 |  7- 9 | 10-12 | 13-15 | 16-18 || total
-------------------------+-------+-------+-------+-------+-------+-------++-------
Melee: War axe           |   118 |   120 |   302 |   500 |   182 |       ||  1222
       Kick              |    10 |    32 |    73 |   191 |   186 |       ||   492
       Headbutt          |       |       |       |   108 |   190 |   119 ||   417
       Flail             |       |       |       |    47 |    29 |    25 ||   101
       Broad axe         |       |       |       |       |   615 |   413 ||  1028
       Unarmed           |       |       |       |       |       |     7 ||     7
Invok: Heroism           |       |       |       |     1 |     3 |     3 ||     7
       Finesse           |       |       |       |       |     1 |       ||     1
Evoke: Wand              |       |       |       |     3 |       |       ||     3
  Use: Scroll            |       |       |    12 |    20 |     7 |     3 ||    42
       Potion            |       |       |       |       |     1 |     2 ||     3
 Stab: Sleeping          |     2 |       |       |       |       |       ||     2
  Eat: Chunk             |     2 |     5 |     9 |    15 |    25 |    12 ||    68
       Ration            |       |       |     1 |     3 |     1 |     1 ||     6
Armor: Leather armour    |    39 |    11 |       |       |       |       ||    50
       Chain mail        |       |   100 |    47 |       |   132 |     7 ||   286
       Plate armour      |       |       |    54 |   176 |   198 |   125 ||   553
       Scale mail        |       |       |       |       |       |    22 ||    22
Dodge: Dodged            |    63 |    92 |   164 |   263 |   428 |   141 ||  1151
Block: Buckler           |    22 |    35 |    77 |   138 |       |       ||   272
       Reflection        |       |       |     3 |     6 |    50 |    12 ||    71
       Shield            |       |       |       |   121 |   786 |   343 ||  1250

Table legend:
 A = Non-vault XP
 B = Vault XP
 C = Vault XP percentage of total XP
 D = Non-vault monster count
 E = Vault monster count
 F = Vault count percentage of total count
                 A         B        C        D         E       F
            +---------+---------+-------+---------+---------+-------
      Total |  125610 |   77061 |  38.0 |     606 |     276 |  31.3
            +---------+---------+-------+---------+---------+-------
        D:1 |      31 |       0 |   0.0 |      19 |       0 |   0.0
        D:2 |      43 |       0 |   0.0 |      18 |       0 |   0.0
        D:3 |     225 |       2 |   0.9 |      34 |       1 |   2.9
        D:4 |     446 |       0 |   0.0 |      22 |       0 |   0.0
        D:5 |      91 |       0 |   0.0 |       2 |       0 |   0.0
        D:6 |    1012 |       0 |   0.0 |      29 |       0 |   0.0
        D:7 |     718 |     710 |  49.7 |      16 |       2 |  11.1
        D:8 |    1030 |    1749 |  62.9 |      22 |       8 |  26.7
        D:9 |     573 |    2435 |  81.0 |      15 |       8 |  34.8
       D:10 |    2555 |       0 |   0.0 |      27 |       0 |   0.0
       D:11 |    5879 |       0 |   0.0 |      32 |       0 |   0.0
       D:12 |    4049 |    3026 |  42.8 |      20 |      28 |  58.3
       D:13 |    2443 |    2347 |  49.0 |       9 |       8 |  47.1
       D:14 |   16714 |      97 |   0.6 |      45 |       1 |   2.2
       D:15 |   15444 |    2022 |  11.6 |      37 |       2 |   5.1
     Lair:1 |    3538 |     186 |   5.0 |      12 |       1 |   7.7
     Lair:2 |    1778 |     621 |  25.9 |       9 |       4 |  30.8
     Lair:3 |    5681 |    5253 |  48.0 |      18 |      12 |  40.0
     Lair:4 |    7031 |    3595 |  33.8 |      26 |      37 |  58.7
     Lair:5 |   11116 |    6757 |  37.8 |      27 |      20 |  42.6
     Lair:6 |    5718 |   17830 |  75.7 |      18 |      57 |  76.0
    Swamp:1 |    8721 |       0 |   0.0 |      23 |       0 |   0.0
    Swamp:2 |   18711 |    3407 |  15.4 |      50 |       6 |  10.7
    Swamp:3 |    7008 |     451 |   6.0 |      22 |       1 |   4.3
      Orc:1 |    2904 |    9979 |  77.5 |      26 |      22 |  45.8
      Orc:2 |    2151 |   11051 |  83.7 |      28 |      27 |  49.1
    Ossuary |       0 |     179 | 100.0 |       0 |      16 | 100.0
      IceCv |       0 |    5364 | 100.0 |       0 |      15 | 100.0
            +---------+---------+-------+---------+---------+-------
